 Dungeon Crawl Stone Soup version 0.29-a0-393-g47a863cc1b (webtiles) character file.

Game seed: 6222031783667134803

4275 avis the Grappler (level 10, -5/83 (90) HPs)
             Began as a Hill Orc Transmuter on May 11, 2022.
             Was an Elder of Beogh.
             Slain by a four-headed hydra (12 damage)
             ... on level 8 of the Dungeon.
             The game lasted 00:56:57 (10916 turns).

avis the Grappler (Hill Orc Transmuter)            Turns: 10916, Time: 00:56:58

HP:   -5/83 (90)    AC:  2    Str: 20    XL:     10   Next: 31%
MP:   11/13         EV: 19    Int: 17    God:    Beogh [****..]
Gold: 372           SH:  0    Dex: 16    Spells: 3/13 levels left

rFire   . . .      SeeInvis .     - Unarmed
rCold   . . .      Faith    .   (shield currently unavailable)
rNeg    . . .      Spirit   .   (body armour currently unavailable)
rPois   x          Reflect  .   (helmet currently unavailable)
rElec   .          Harm     .   (cloak currently unavailable)
rCorr   .          Rampage  .   (gloves currently unavailable)
Will    .....                   (boots currently unavailable)
Stlth   +.........              x - amulet of regeneration
HPRegen 1.03/turn               r - +6 ring of strength
MPRegen 0.13/turn               (no ring)

@: spider-form (expiring), drained
A: venomous fangs, tiny
a: End Transformation, Renounce Religion, Smiting, Recall Orcish Followers


You were on level 8 of the Dungeon.
You worshipped Beogh.
Beogh was greatly pleased with you.
You were a venomous arachnid creature.
You visited 2 branches of the dungeon, and saw 9 of its levels.
You also visited: Sewer and Ossuary.

You collected 372 gold pieces.

Inventory:

Hand Weapons
 c - a +0 shortbow
 D - a -2 spear
 J - a +0 halberd
 L - a +0 halberd
 N - a +0 halberd
 O - a +0 trident
 P - a +1 halberd of protection
 Q - a +5 scimitar
 S - a +1 dagger of protection
Missiles
 j - 18 poisoned darts
 o - 14 boomerangs
 M - a throwing net
 W - 2 curare-tipped darts
 Y - 5 silver javelins
Armour
 f - a +0 tower shield
 i - a +0 chain mail of cold resistance
 w - a +0 cloak (melded)
 F - a +2 leather armour of willpower (melded)
Magical Staves
 a - a staff of poison (melded)
 B - a staff of air
Jewellery
 r - a +6 ring of strength (left front leg)
 x - an amulet of regeneration (around neck)
Wands
 C - a wand of iceblast (15)
 E - a wand of digging (6)
Scrolls
 d - 2 scrolls of identify
 g - 2 scrolls of immolation {unknown}
 k - a scroll of torment {unknown}
 l - 5 scrolls of teleportation {unknown}
 m - 3 scrolls of enchant weapon {unknown}
 n - 2 scrolls of enchant armour {unknown}
 s - 4 scrolls of summoning
 t - 3 scrolls of fog {unknown}
 y - 2 scrolls of vulnerability {unknown}
 G - a scroll of noise {unknown}
 I - 3 scrolls of fear {unknown}
 K - a scroll of brand weapon {unknown}
 R - a scroll of poison {unknown}
 T - a scroll of blinking {unknown}
Potions
 b - 2 potions of lignification
 e - 3 potions of might
 h - a potion of ambrosia {unknown}
 p - 3 potions of magic
 q - a potion of invisibility {unknown}
 u - 2 potions of cancellation
 v - a potion of haste
 z - 2 potions of mutation {unknown}
 A - 2 potions of flight {unknown}
 H - a potion of heal wounds
 X - a potion of curing


   Skills:
 + Level 8.6 Fighting
 - Level 2.0 Dodging
 * Level 11.8 Unarmed Combat
 - Level 2.0 Spellcasting
 - Level 3.0 Translocations
 + Level 2.7 Transmutations
 + Level 3.3 Ice Magic
 - Level 2.0 Poison Magic
 - Level 3.0 Invocations


You had 3 spell levels left.
You knew the following spells:

 Your Spells              Type           Power      Damage    Failure   Level
a - Beastly Appendage     Tmut           22%        N/A       17%         1
b - Blink                 Tloc           22%        N/A       22%         2
p - Spider Form           Tmut/Pois      9%         N/A       43%         3
q - Ice Form              Ice/Tmut       11%        N/A       71%         4

Your spell library contained the following spells:

 Spells                   Type           Power      Damage    Failure   Level
 Wereblood                Tmut           11%        N/A       24%         2
 Petrify                  Tmut/Erth      6%         N/A       88%         4
 Manifold Assault         Tloc           11%        N/A       94%         5
 Metabolic Englaciation   Hex/Ice        3%         N/A       99%         5
 Statue Form              Tmut/Erth      4%         N/A       100%        6
 Storm Form               Tmut/Air       3%         N/A       100%        7


Dungeon Overview and Level Annotations

Branches:
Dungeon (8/15)             Temple (1/1) D:7           Sewer (visited)
Ossuary (visited)
   Lair: D:8-11

Altars:
Kikubaaqudgha
Okawaru
Uskayaw

Shops:
D:1 :   D:8 :

Annotations:
D:1 deep water blocks investigation


Message History

You feel strong-willed.
There is a fountain of clear blue water here.
There is a fountain of clear blue water here.
A white imp comes into view.
Casting: Spider Form (dangerous; 26% risk of failure)
Confirm with . or Enter, or press ? or * to list all spells.
You feel a surge of power!
You turn into a venomous arachnid creature.
Your staff of poison melds into your body.
Your +0 cloak melds into your body.
Your +2 leather armour of willpower melds into your body.
You feel less strong-willed. The white imp gestures at you.
The puff of frost misses you. The white imp hits you.
The white imp freezes you.
You bite the white imp!
The white imp looks as sick as possible!
The white imp is severely wounded.
The white imp completely misses you.
You bite the white imp!
You kill the white imp!
Beogh accepts your kill.
A four-headed hydra comes into view.
The four-headed hydra bites you. The four-headed hydra bites you!
The four-headed hydra bites you.
The four-headed hydra barely misses you.
You maul the four-headed hydra!!
The four-headed hydra is moderately wounded.
The four-headed hydra bites you! The four-headed hydra bites you.
The four-headed hydra bites you! The four-headed hydra bites you.
You hit the four-headed hydra.
The four-headed hydra is moderately wounded.
Your transformation is almost over.
The four-headed hydra bites you!
* * * LOW HITPOINT WARNING * * *
The four-headed hydra bites you!
* * * LOW HITPOINT WARNING * * *
The four-headed hydra closely misses you.
The four-headed hydra bites you!
You die...

. ###################...
###.....................
....############s.......
##### #D.......
#........ ## #........
.# #........ .##
#####.#.. ..## .. .
#..##### # ..
.......#### .##


You could see a four-headed hydra.

Vanquished Creatures
  Grinder (D:3)
  Sigmund (D:5)
  Grum (D:8)
  Edmund (D:6)
  Duvessa (D:5)
  An orc warrior (D:7)
  2 ice beasts (D:6)
  4 wolves
  2 phantoms (D:6)
  3 centaurs
  5 kobold brigands
  3 bullfrogs
  3 scorpions
  9 wights
  Dowan (D:5)
  4 killer bees
  7 howler monkeys
  A centaur zombie (Ossuary)
  2 jellies (D:7)
  A human zombie (Ossuary)
  3 orc priests
  2 gnoll shamans
  5 hounds
  3 iguanas
  Ijyb (D:5)
  2 orc wizards (D:6)
  2 mummies (Ossuary)
  7 gnolls
  10 adders
  4 river rats (Sewer)
  A white imp (D:8)
  6 adder zombies (Ossuary)
  2 worms
  6 dart slugs
  15 orcs
  7 endoplasms
  5 giant cockroaches
  8 goblins
  A hobgoblin (D:1)
  5 jackals
  2 quokkas
  7 ball pythons
  3 bats (D:1)
  11 frilled lizards
  A goblin zombie (Ossuary)
  9 hobgoblin zombies (Ossuary)
  2 jackal zombies (Ossuary)
  19 kobolds
  6 kobold zombies (Ossuary)
  11 orc zombies (Ossuary)
  4 rats
223 creatures vanquished.

Vanquished Creatures (others)
  17 plants (Sewer)
17 creatures vanquished.

Grand Total: 240 creatures vanquished

Notes
Turn   | Place    | Note
-------+----------+-------------------------------------------
     0 | D:1      | avis the Hill Orc Transmuter began the quest for the Orb.
     0 | D:1      | Reached XP level 1. HP: 16/16 MP: 3/3
   242 | D:1      | Reached XP level 2. HP: 23/23 MP: 2/4
   559 | D:1      | Found Hihuvy's Book Emporium.
   773 | D:1      | Learned a level 2 spell: Blink
  1349 | D:2      | Reached skill level 4 in Unarmed Combat
  1349 | D:2      | Reached XP level 3. HP: 29/29 MP: 3/5
  1649 | D:2      | Found a faded altar of an unknown god.
  2458 | D:3      | Reached XP level 4. HP: 37/37 MP: 6/6
  2462 | D:3      | Learned a level 3 spell: Spider Form
  3208 | D:4      | Noticed a scorpion
  3239 | D:4      | Killed a scorpion
  3240 | D:4      | Reached skill level 5 in Unarmed Combat
  3240 | D:4      | Reached skill level 1 in Translocations
  3240 | D:4      | Reached XP level 5. HP: 28/45 MP: 3/7
  3247 | D:4      | Found a glowing drain.
  3256 | Sewer    | Entered a sewer
  3473 | Sewer    | Noticed a kobold brigand
  3483 | Sewer    | Killed a kobold brigand
  3484 | Sewer    | Reached XP level 6. HP: 52/52 MP: 6/8
  3545 | Sewer    | Reached skill level 6 in Unarmed Combat
  4450 | Sewer    | Reached skill level 1 in Poison Magic
  4450 | Sewer    | Reached XP level 7. HP: 51/59 MP: 10/10
  4697 | D:4      | Noticed Grinder
  4947 | D:3      | Paralysed by Grinder for 2 turns
  5131 | D:3      | Killed Grinder
  5132 | D:3      | Reached skill level 7 in Unarmed Combat
  5232 | D:4      | Learned a level 4 spell: Ice Form
  6002 | D:5      | Entered Level 5 of the Dungeon
  6150 | D:5      | Reached skill level 5 in Fighting
  6160 | D:5      | Became a worshipper of Beogh the Brigand
  6303 | D:5      | Noticed Duvessa
  6303 | D:5      | Noticed Dowan
  6312 | D:5      | Killed Duvessa
  6313 | D:5      | Reached XP level 8. HP: 63/68 MP: 7/11
  6315 | D:5      | Killed Dowan
  6316 | D:5      | Reached skill level 8 in Unarmed Combat
  6535 | D:5      | Noticed Ijyb
  6543 | D:5      | Killed Ijyb
  6910 | D:5      | Noticed Sigmund
  6914 | D:5      | Killed Sigmund
  6915 | D:5      | Reached skill level 1 in Invocations
  6969 | D:5      | Found an ancient bone altar of Kikubaaqudgha.
  7150 | D:6      | Reached skill level 9 in Unarmed Combat
  7360 | D:6      | Noticed Edmund
  7371 | D:6      | Killed Edmund
  7372 | D:6      | Reached XP level 9. HP: 59/78 MP: 9/12
  7372 | D:6      | Identified the amulet "Bilios" {Acrobat +Blink rF- rC+
                  | Str+2}
  7469 | D:6      | Reached skill level 1 in Ice Magic
  7636 | D:6      | Reached * piety under Beogh
  7652 | D:6      | Reached skill level 10 in Unarmed Combat
  9290 | D:7      | Found a staircase to the Ecumenical Temple.
  9299 | Temple   | Entered the Ecumenical Temple
  9386 | D:7      | Found a hide-covered altar of Uskayaw.
  9413 | D:7      | Found an iron altar of Okawaru.
  9615 | D:7      | Reached ** piety under Beogh
 10094 | D:8      | Noticed Grum
 10098 | D:7      | Reached skill level 11 in Unarmed Combat
 10166 | D:8      | Found a sand-covered staircase.
 10168 | D:8      | Killed Grum
 10169 | D:8      | Reached XP level 10. HP: 63/88 MP: 8/13
 10298 | Ossuary  | Entered an ossuary
 10411 | Ossuary  | Reached *** piety under Beogh
 10813 | D:8      | Found Narumy's Book Shoppe.
 10855 | D:8      | Reached **** piety under Beogh
 10913 | D:8      | Noticed a four-headed hydra
 10916 | D:8      | Slain by a four-headed hydra

Illustrated notes

Levels and vault maps discovered:
D:1:      onia_arrival_mini_spirals, layout_basic, serial_shops,
          nicolae_square_shop, chequers_serial_rivers_small_3, moated_statue
D:2:      layout_basic, hellmonk_ecumenical_altar_dog_temple,
          serial_bayou_pond_c, minmay_circle_x
D:3:      layout_rooms
D:4:      layout_cave_pods, portal_sewer_entry_d, uniq_grinder
D:5:      layout_loops_ring, kennysheep_little_box, uniq_sigmund, uniq_ijyb,
          uniq_duvessa
D:6:      layout_loops_ring, kennysheep_generic_room_15, uniq_edmund
D:7:      layout_gridville, kennysheep_mini_moat,
          mainiacjoe_overflow_tiny_flanked, minmay_temple_entry_waves,
          minmay_misc_feat_nine_boxes, minmay_misc_feat_iff
D:8:      layout_rooms, zin_angel, nicolae_ossuary_entry_ruins, serial_shops,
          shop_fountains, chequers_decorated_corner, grunt_ministairs_14,
          hangedman_decor_clover_reticule, amcnicky_mini_corridor_feature,
          grunt_decor_one_mirror, uniq_grum
Temple:   minmay_temple_bridge_d

Skill      XL: |  1  2  3  4  5  6  7  8  9 10 |
---------------+-------------------------------+-----
Unarmed Combat | 4 5 6 7 9 11 | 11.8
Fighting       | 2 3 4 5 6 8 |  8.6
Transmutations | 2 |  2.7
Translocations | 1 2 3 |  3.0
Spellcasting   | 2 |  2.0
Poison Magic   | 1 2 |  2.0
Invocations    | 2 3 |  3.0
Dodging        | 2 |  2.0
Ice Magic      | 2 3 |  3.3

Action                   |  1- 3 |  4- 6 |  7- 9 | 10-12 || total
-------------------------+-------+-------+-------+-------++-------
Melee: Unarmed           |    92 |   132 |   254 |   140 ||   618
       Headbutt          |    15 |    17 |     6 |       ||    38
       Kick              |    18 |    27 |     8 |       ||    53
       Punch             |     1 |     4 |     4 |       ||     9
 Cast: Beastly Appendage |    34 |    24 |     5 |       ||    63
       Spider Form       |       |     1 |    47 |    16 ||    64
       Ice Form          |       |       |     2 |       ||     2
Invok: Convert to Beogh  |       |       |     1 |       ||     1
 Abil: End Transformatio |       |       |       |     1 ||     1
  Use: Scroll            |       |       |     5 |       ||     5
       Potion            |       |       |       |     1 ||     1
 Stab: Sleeping          |     1 |       |     1 |     1 ||     3
Armor: Robe              |     2 |       |       |       ||     2
       Leather armour    |    14 |    21 |     3 |     3 ||    41
       Skin              |       |       |    10 |     7 ||    17
Dodge: Dodged            |    50 |    51 |   144 |   121 ||   366

Table legend: (Time is in decaauts)
 A = Elapsed time spent in this place.
 B = Non-inter-level travel time spent in this place.
 C = Inter-level travel time spent in this place.
 D = Time resting spent in this place.
 E = Time spent auto-exploring this place.
 F = Levels seen in this place.
 G = Mean time per level.
                   A        B        C        D        E       F      G
               +--------+--------+--------+--------+--------+-----+--------+
         Total |  10997 |  10270 |    727 |   3143 |   4330 |  11 |  999.7 |
       Dungeon |   9222 |   8495 |    727 |   2481 |   4182 |   8 | 1152.8 |
        Temple |     33 |     33 |      0 |      0 |      0 |   1 |   33.0 |
         Sewer |   1446 |   1446 |      0 |    639 |    147 |   1 | 1446.0 |
       Ossuary |    295 |    295 |      0 |     23 |      0 |   1 |  295.0 |
               +--------+--------+--------+--------+--------+-----+--------+

Top non-repeatable levels by time:
     D:6: 1711 daAuts
     D:4: 1479 daAuts
   Sewer: 1446 daAuts
     D:1: 1341 daAuts
     D:7: 1325 daAuts
     D:2: 1051 daAuts
     D:3: 991 daAuts
     D:5: 981 daAuts
     D:8: 338 daAuts
 Ossuary: 295 daAuts
  Temple: 33 daAuts
